 Dungeon Crawl Stone Soup version 0.29.1-1-gd02db6906a (webtiles) character file.

Game seed: 17896238103573053582

4 Icepheonix32 the Insei (level 1, 0/15 HPs)
             Began as a Merfolk Transmuter on Oct 5, 2022.
             Slain by a hobgoblin (2 damage)
             ... on level 1 of the Dungeon.
             The game lasted 00:00:17 (291 turns).

Icepheonix32 the Insei (Merfolk Transmuter)          Turns: 291, Time: 00:00:17

Health: 0/15       AC:  2    Str: 10    XL:     1   Next: 60%
Magic:  3/3        EV: 12    Int: 12    God:
Gold:   12         SH:  0    Dex: 14    Spells: 3/4 levels left

rFire   . . .      SeeInvis .     - Unarmed
rCold   . . .      Faith    .   (no shield)
rNeg    . . .      Spirit   .   a - +0 robe
rPois   .          Reflect  .   (no helmet)
rElec   .          Harm     .   (no cloak)
rCorr   .          Rampage  .   (no gloves)
Will    .....                   (no boots)
Stlth   +.........              (no amulet)
HPRegen 0.05/turn               (no ring)
MPRegen 0.08/turn               (no ring)

@: no status effects
A: (nimble swimmer 2), mertail
a: no special abilities


You were on level 1 of the Dungeon.
You visited 1 branch of the dungeon, and saw 1 of its levels.

You collected 12 gold pieces.

Inventory:

Armour
 a - a +0 robe (worn)
Scrolls
 c - a scroll of magic mapping {unknown}
 e - a scroll of torment {unknown}
Potions
 b - a potion of lignification
 f - a potion of curing {unknown}


   Skills:
 + Level 1.1 Fighting
 + Level 2.8 Dodging
 + Level 3.5 Unarmed Combat
 + Level 2.0 Spellcasting
 * Level 2.8 Transmutations


You had 3 spell levels left.
You knew the following spells:

 Your Spells              Type           Power      Damage    Failure   Level
a - Beastly Appendage     Tmut           14%        N/A       9%          1

Your spell library contained the following spells:

 Spells                   Type           Power      Damage    Failure   Level
 Wereblood                Tmut           7%         N/A       13%         2
 Spider Form              Tmut/Pois      4%         N/A       43%         3
 Ice Form                 Ice/Tmut       4%         N/A       83%         4


Dungeon Overview and Level Annotations

Branches:
Dungeon (1/15)

Altars:


Innate Abilities, Weirdness & Mutations

((You are very nimble when in or above water. (Stealth+, EV+, Speed+++)))
Your lower body shifts to a powerful aquatic tail in water.


Message History

e - a scroll labelled ZURCHY TINKIDE Your horns disappear.
f - a ruby potion You open the door.
A hobgoblin and a frilled lizard come into view.
There are monsters nearby!
There are monsters nearby!
There are monsters nearby!
You grow a pair of large bovine horns.
The hobgoblin shouts!
The frilled lizard hisses angrily.
You hear a shout!
You hear an angry hiss.
A kobold comes into view. It is wielding a +0 dagger.
The hobgoblin hits you.
There is an open door here.
You barely miss the hobgoblin.
You headbutt the hobgoblin, but do no damage.
The hobgoblin closely misses you.
You closely miss the hobgoblin.
Your transformation is almost over.
The hobgoblin hits you.
You barely miss the frilled lizard.
Your headbutt misses the frilled lizard.
The hobgoblin hits you.
A rat comes into view.
The frilled lizard barely misses you.
You are too injured to fight recklessly!
You are too injured to fight recklessly!
The hobgoblin attacks as you move away! The hobgoblin barely misses you.
The hobgoblin attacks as you move away! The hobgoblin hits you.
* * * LOW HITPOINT WARNING * * *
You hit the hobgoblin. Your headbutt misses the hobgoblin.
The hobgoblin is severely wounded.
The hobgoblin closely misses you.
You hit the hobgoblin.
The hobgoblin is almost dead.
The hobgoblin misses you.
It was a potion of magic.
Magic courses through your body.
Your horns disappear.
The hobgoblin hits you.
You die...

r..#.....#
#...# ...
.........#
#...##..#
#.....#
#...#..## #r#
+.....##. #.#
#...#.### #K#
#...#..## #l#
#...##... #g#
######... #
#@# ##... #.
#.# ###....
#.. #.#
##...... ...
#.# #..###..
.. #.#
#.#..#..
#.###.#
#....#..
#.....#
#######....#..
#.##..#
#.......#.#...
#.##..#
#....##.......


You could see a hobgoblin, a kobold, a frilled lizard and a rat.

Vanquished Creatures
  An endoplasm (D:1)
  A hobgoblin (D:1)
  A ball python (D:1)
  A rat (D:1)
4 creatures vanquished.

Notes
Turn   | Place    | Note
-------+----------+-------------------------------------------
     0 | D:1      | Icepheonix32 the Merfolk Transmuter began the quest for the
                  | Orb.
     0 | D:1      | Reached XP level 1. HP: 15/15 MP: 3/3
   291 | D:1      | Slain by a hobgoblin

Illustrated notes

Levels and vault maps discovered:
D:1:      erik_arrival_blinker_ship, layout_basic

Action                   || total
-------------------------++-------
Melee: Unarmed           ||    14
       Headbutt          ||     2
 Cast: Beastly Appendage ||     5
  Use: Potion            ||     1
Armor: Robe              ||     2
Dodge: Dodged            ||     7
